 Dungeon Crawl Stone Soup version 0.27.0-1-g7a089689b8 (webtiles) character file.

Game seed: 6723534255956547181

264 quinnr the Grave Robber (level 5, -2/42 HPs)
             Began as a Deep Dwarf Necromancer on Aug 8, 2021.
             Was a Follower of Ashenzari.
             Killed from afar by Ijyb (13 damage)
             ... with an iceblast
             ... on level 3 of the Dungeon.
             The game lasted 00:11:24 (4498 turns).

quinnr the Grave Robber (Deep Dwarf Necromancer)    Turns: 4498, Time: 00:11:25

Health: -2/42      AC:  3    Str: 12    XL:     5   Next: 98%
Magic:  7/10       EV: 12    Int: 16    God:    Ashenzari [*.....]
Gold:   51         SH:  0    Dex: 13    Spells: 2/13 levels left

rFire    . . .     SeeInvis .   (no weapon)
rCold    . . .     Faith    .   (no shield)
rNeg     . . .     Spirit   .   a - +0 robe of Ashenzari's Negation {Comp, Alch} (curse)
rPois    .         Reflect  .   (no helmet)
rElec    .         Harm     .   i - +0 cloak "Oracular Discomfort" {Self, Alch} (curse)
rCorr    .         Rampage  .   (no gloves)
Will     .....                  (no boots)
Stlth    ++........             (no amulet)
HPRegen  0.00/turn              (no ring)
MPRegen  0.12/turn              (no ring)

@: no status effects
A: damage resistance, heal wounds, sense surroundings 1, no regeneration
a: Heal Wounds, Renounce Religion, Curse Item, Shatter the Chains


You were on level 3 of the Dungeon.
You worshipped Ashenzari.
Ashenzari was aware of your devotion.
You visited 1 branch of the dungeon, and saw 3 of its levels.

You collected 51 gold pieces.

Inventory:

Hand Weapons
 h - a +3 quarterstaff of chaos
Armour
 a - the cursed +0 robe of Ashenzari's Negation (worn) {Comp, Alch}

   It has a curse which improves the following skills: Companions: Summonings
   and Necromancy.
   Alchemy:   Poison Magic and Transmutations.
 i - the cursed +0 cloak "Oracular Discomfort" (worn) {Self, Alch}
   (You took it off Crazy Yiuf on level 2 of the Dungeon)

   It has a curse which improves the following skills: Introspection: Fighting
   and Spellcasting.
   Alchemy:   Poison Magic and Transmutations.
Jewellery
 g - a ring of fire
Scrolls
 c - a scroll of identify
 f - a scroll of amnesia
 j - a scroll of torment
 k - a scroll of summoning
Potions
 b - 2 potions of heal wounds
 d - a potion of might
 e - 2 potions of brilliance


   Skills:
 - Level 2.1 Dodging
 - Level 2.4 Stealth
 * Level 3.5(4.5) Spellcasting
 + Level 6.7(7.8) Necromancy


You had 2 spell levels left.
You knew the following spells:

 Your Spells              Type           Power      Damage    Failure   Level
a - Pain                  Necr           100%       1d9       1%          1
b - Animate Skeleton      Necr           56%        N/A       1%          1
c - Agony                 Necr           28%        N/A       19%         5
d - Animate Dead          Necr           14%        N/A       6%          4

Your spell library contained the following spells:

 Spells                   Type           Power      Damage    Failure   Level
 Vampiric Draining        Necr           14%        2d8       1%          3


Dungeon Overview and Level Annotations

Branches:
Dungeon (3/15)

Altars:
Ashenzari
Cheibriados
Fedhas

Annotations:
D:3 Ijyb


Innate Abilities, Weirdness & Mutations

You are resistant to damage.
You can heal yourself by infusing magical energy.
You passively map a small area around you.
You do not regenerate.


Message History

Casting: Pain (safe; 1% risk of failure)
Confirm with . or Enter, or press ? or * to list all spells.
Aiming: Pain (safe; 1% risk of failure)
Press: ? - help, Shift-Dir - straight line, f/p - goblin
Aim: a goblin, wielding a +0 hunting sling and quivering stones (severely wounded, chance to affect: 93%)
The goblin writhes in agony.
You kill the goblin!
Unknown command.
There is an open door here.
Things that are here:
a +0 hunting sling; 24 stones
There is an open door here.
You open the large door. 2 goblins come into view.
The goblin shouts! x2; You hear a shout!
Ijyb the Twisted Goblin comes into view.
She is wielding a +0 dagger, wearing a +2 ring mail of cold resistance and carrying a wand of iceblast (9).
Casting: Pain (safe; 1% risk of failure)
Confirm with . or Enter, or press ? or * to list all spells.
Aiming: Pain (safe; 1% risk of failure)
Press: ? - help, Shift-Dir - straight line, f - goblin
Aim: a goblin, wielding a +0 club (chance to affect: 93%)
The goblin writhes in agony!
You kill the goblin!
Unknown command.
Casting: Pain (safe; 1% risk of failure)
Confirm with . or Enter, or press ? or * to list all spells.
Aiming: Pain (safe; 1% risk of failure)
Press: ? - help, Shift-Dir - straight line, f - goblin
Aim: a goblin, wielding a +0 dagger (chance to affect: 93%)
The goblin writhes in agony.
Ijyb drinks a potion.
Ijyb seems to speed up.
Unknown command.
Casting: Pain (safe; 1% risk of failure)
Confirm with . or Enter, or press ? or * to list all spells.
Aiming: Pain (safe; 1% risk of failure)
Press: ? - help, Shift-Dir - straight line, f/p - goblin
Aim: a goblin, wielding a +0 dagger (severely wounded, chance to affect: 93%)
The goblin writhes in agony!
You kill the goblin!
Ijyb zaps a wand.
The mass of ice explodes!
The iceblast engulfs you!
You die...

#################
##≈≈..#...#......#
#≈≈≈..)...'......#
##≈≈≈..#...#....@.#
#≈≈#########..##''#
#≈≈#..†.......#...#
...'..).......#.).#
...'....).....#...#
...'..........#..)#
#≈≈#.........(#.g.#
#≈≈#########..#...#
##≈≈≈, #..#


You could see Ijyb (fast).

Vanquished Creatures
  A sky beast (D:3)
  Crazy Yiuf (D:2)
  Robin (D:2)
  3 gnolls
  2 worms
  3 dart slugs
  3 orcs (D:3)
  6 ball pythons
  6 bats
  4 endoplasms
  5 giant cockroaches
  16 goblins
  10 hobgoblins
  2 jackals (D:3)
  9 kobolds
  A quokka (D:1)
  5 frilled lizards
  5 rats
83 creatures vanquished.

Vanquished Creatures (collateral kills)
  A giant cockroach (D:3)
  A jackal (D:3)
  A kobold (D:2)
3 creatures vanquished.

Grand Total: 86 creatures vanquished

Notes
Turn   | Place    | Note
-------+----------+-------------------------------------------
     0 | D:1      | quinnr the Deep Dwarf Necromancer began the quest for the
                  | Orb.
     0 | D:1      | Reached XP level 1. HP: 15/15 MP: 3/3
   288 | D:1      | Found a faded altar of an unknown god.
   323 | D:1      | Became a worshipper of Ashenzari the Shackled
   396 | D:1      | Reached XP level 2. HP: 22/22 MP: 1/4
   719 | D:1      | Reached skill level 5 in Necromancy
   844 | D:1      | Learned a level 1 spell: Animate Skeleton
  1390 | D:1      | Reached XP level 3. HP: 12/28 MP: 2/6
  1689 | D:2      | Noticed Robin
  2038 | D:2      | Found a blossoming altar of Fedhas.
  2260 | D:2      | Killed Robin
  2261 | D:2      | Reached skill level 6 in Necromancy
  2278 | D:2      | Identified the cursed +0 robe of Ashenzari's Negation
                  | {Comp, Alch}
  2594 | D:2      | Reached XP level 4. HP: 36/36 MP: 3/6
  2954 | D:2      | Found a runed translucent door.
  2955 | D:2      | Noticed Crazy Yiuf
  3391 | D:2      | Killed Crazy Yiuf
  3400 | D:2      | Reached * piety under Ashenzari
  3540 | D:3      | Noticed a sky beast
  3782 | D:2      | Reached XP level 5. HP: 19/42 MP: 5/9
  3860 | D:3      | Killed a sky beast
  4048 | D:3      | Learned a level 5 spell: Agony
  4053 | D:3      | Learned a level 4 spell: Animate Dead
  4139 | D:3      | Found a snail-covered altar of Cheibriados.
  4495 | D:3      | Noticed Ijyb
  4498 | D:3      | Killed from afar by Ijyb

Illustrated notes

Levels and vault maps discovered:
D:1:      mainiacjoe_arrival_reflecting_pool, layout_loops_corners,
          ebering_ecumenical_altar_mist
D:2:      layout_basic, basic_altar, uniq_crazy_yiuf_cottage, uniq_robin
D:3:      kennysheep_goblin_castle, layout_loops_cross, cheibrodos_worm_habitat

Skill      XL: |  1  2  3  4  5 |
---------------+----------------+-----
Spellcasting   | 2 3 |  3.5
Necromancy     | 5 6 |  6.7
Dodging        | |  2.1
Stealth        | |  2.4

Action                   |  1- 3 |  4- 6 || total
-------------------------+-------+-------++-------
Melee: Unarmed           |    13 |     3 ||    16
 Cast: Pain              |   102 |    90 ||   192
       Animate Skeleton  |     5 |     3 ||     8
       Animate Dead      |       |     1 ||     1
Invok: Curse Item        |     1 |     1 ||     2
 Abil: Heal Wounds       |     1 |       ||     1
  Use: Potion            |     1 |       ||     1
Armor: Robe              |     7 |     8 ||    15
       Skin              |    14 |       ||    14
Dodge: Dodged            |    24 |    12 ||    36
